 Dungeon Sprint DCSS version 0.19.0-2-gae57169 (webtiles) character file.

7538 Ropoloid1 the Phalangite (level 10, -6/70 HPs)
             Began as a Demonspawn Berserker on Nov 3, 2016.
             Was the Champion of Trog.
             Mangled by an orc warrior
             ... wielding a +0 trident
              (22 damage)
             ... in the Dungeon (Sprint IX: "|||||||||||||||||||||||||||||").
             The game lasted 00:09:21 (1795 turns).

Ropoloid1 the Phalangite (Demonspawn Berserker)     Turns: 1795, Time: 00:09:21

Health: -6/70      AC: 14    Str: 24    XL:     10   Next: 96%
Magic:  3/3        EV: 10    Int:  9    God:    Trog [******]
Gold:   671        SH:  0    Dex: 12    Spells: 0 memorised, 9 levels left

rFire  . . .     SeeInvis .     c - +8 glaive (antimagic)
rCold  . . .     Gourm    .     p - +1 chain mail
rNeg   . . .     Faith    .     (shield currently unavailable)
rPois  .         Spirit   .     (helmet restricted)
rElec  .         Reflect  .     C - +0 cloak
rCorr  .         Harm     .     o - +0 pair of gloves
MR     ++...     NoTele   +     n - +0 pair of boots
Stlth  ..........               (no amulet)
                                r - +3 ring of strength
                                q - +2 ring of evasion

@: exhausted, regenerating, slowed, very slow
A: horns 1, yellow scales 1, spiny 2
a: Berserk, Trog's Hand, Brothers in Arms, Burn Spellbooks, Renounce Religion


You were in the Dungeon.
You worshipped Trog.
Trog was exalted by your worship.
You were hungry.

You visited 1 branch You collected 671 gold pieces.

Inventory:

Hand Weapons
 c - a +8 antimagic glaive (weapon)
 x - a +2 vampiric glaive
 y - the +2 fustibalus "Mufiusex" {freeze, +Inv rF- Int+2}
   (Trog gifted it to you in the Dungeon)

   It causes projectiles fired from it to freeze those they strike, causing
   extra injury to most foes and up to half again as much damage against
   particularly susceptible opponents.
   They can also slow down cold-blooded creatures.
   It affects your intelligence (+2).
   It makes you vulnerable to fire.
   It lets you turn invisible.
 D - the +8 shortbow of Certain Death {venom, rC++}
   (Trog gifted it to you in the Dungeon)

   It poisons the ammo it fires.
   It greatly protects you from cold.
 E - a +3 antimagic halberd
Missiles
 s - 5 needles of frenzy (quivered)
Armour
 b - a +0 animal skin
 n - a +0 pair of boots (worn)
 o - a +0 pair of gloves (worn)
 p - a +1 chain mail (worn)
 C - a +0 cloak (worn)
Jewellery
 q - a +2 ring of evasion (left hand)
 r - a +3 ring of strength (right hand)
Wands
 l - a wand of acid (7/15)
Scrolls
 i - 2 scrolls of blinking
 k - 3 scrolls of remove curse
 u - 2 scrolls of recharging
 v - 2 scrolls of fear
 w - 2 scrolls of enchant weapon
 A - a scroll of silence
Potions
 d - 7 potions of curing
 e - 7 potions of heal wounds
 f - 2 potions of haste
 g - 4 potions of magic
 h - 2 potions of berserk rage
 j - a potion of invisibility
 B - a potion of ambrosia
Comestibles
 a - 40 fruits
 m - 12 bread rations
 t - 12 meat rations
 z - 3 chunks of flesh


   Skills:
 - Level 3.0 Fighting
 + Level 22.0 Polearms
 - Level 1.7 Armour
 - Level 1.7 Dodging


You had 9 spell levels left.
You didn't know any spells.

Dungeon Overview and Level Annotations

Branches:
Dungeon (1/1)

Altars:
Cheibriados
Dithmenos
Elyvilon
Fedhas
Gozag
Hepliaklqana
Kikubaaqudgha
Makhleb
Nemelex Xobeh
Okawaru
Qazlal
Ru
Sif Muna
Trog
Uskayaw
Vehumet
Xom
Yredelemnul
Zin
The Shining One
Beogh
Jiyva
Lugonu


Innate Abilities, Weirdness & Mutations

You have a pair of small horns on your head.
You are partially covered in yellow scales. (AC +2)
You are mostly covered in sharp spines.


Message History

Your Polearms skill increases to level 22!
The orc warrior hits you from afar with a trident!!
* * * LOW HITPOINT WARNING * * *
The orc wizard no longer looks unusually strong.
There is an open door, spattered with blood here.
Things that are here:
a runed triple sword {god gift}; a short sword; a plate armour You feel a strong urge to attack something.
The orc warrior no longer looks unusually strong.
The orc knight roars a battlecry!
The orcs go into a battle-frenzy!
The orc knight roars a battlecry!
The orc knight goes into a battle-frenzy!
You feel your anger subside.
You are no longer berserk.
You are exhausted.
You feel yourself slow down.
Things that are here:
a broad axe; a chain mail The orc warrior hits you from afar with a trident!!
You die...

▓)▓.▓.▓.▓_▓
▓.▓.▓.▓.▓_▓
▓o▓.▓.▓.▓_▓
▓o▓.▓.▓.▓_▓
▓o▓.▓.▓.▓_▓
▓.▓.▓†▓.▓_▓
▓o▓.▓'▓.▓_▓
▓)▓.▓.▓.▓_▓
▓@▓.▓.▓.▓_▓
▓.▓.▓.▓.▓_▓
▓)▓.▓.▓.▓_▓
▓)▓.▓.▓.▓'▓
▓)▓)▓.▓.▓.▓
▓.▓.▓.▓.▓.▓
▓)▓.▓.▓.▓.▓
▓.▓.▓.▓.▓.▓
▓.▓.▓.▓.▓.▓


You could see 2 orc knights, an orc warrior and an orc wizard.

Vanquished Creatures
  A hydra (D)
  Erolcha (D)
  2 orc knights (D)
  A black mamba (D)
  4 spiny frogs (D)
  A hornet (D)
  3 blink frogs (D)
  2 hippogriffs (D)
  A yak (D)
  A basilisk (D)
  A wraith (D)
  3 vampire mosquitoes (D)
  A water moccasin (D)
  4 porcupines (D)
  A black bear (D)
  6 orc warriors (D)
  A wolf (D)
  2 crocodiles (D)
  3 bullfrogs (D)
  A crimson imp (D)
  2 hounds (D)
  A jelly (D)
  3 orc priests (D)
  3 orc wizards (D)
  2 worker ants (D)
  An iguana (D)
  A shadow imp (D)
  A leopard gecko (D)
  6 orcs (D)
  A giant cockroach (D)
  A goblin (D)
  A hobgoblin (D)
  A bat (D)
  A leopard gecko zombie (D)
  A quokka zombie (D)
  A rat (D)
67 creatures vanquished.

Notes
Turn   | Place    | Note
-------+----------+-------------------------------------------
     0 | D        | Ropoloid1 the Demonspawn Berserker began the quest for the Orb.
     0 | D        | Reached XP level 1. HP: 18/18 MP: 1/1
     5 | D        | Reached skill level 3 in Polearms
    16 | D        | Reached ** piety under Trog
    28 | D        | Reached skill level 4 in Polearms
   135 | D        | Noticed a worker ant
   135 | D        | Noticed a hound
   135 | D        | Noticed a crimson imp
   135 | D        | Noticed an iguana
   155 | D        | Killed an iguana
   155 | D        | Reached skill level 6 in Polearms
   155 | D        | Gained mutation: You are partially covered in sharp spines. [demonic ancestry]
   155 | D        | Reached XP level 2. HP: 3/24 MP: 2/2
   155 | D        | Gained mutation: You have a pair of small horns on your head. [demonic ancestry]
   155 | D        | Reached XP level 3. HP: 4/29 MP: 3/3
   156 | D        | Reached *** piety under Trog
   161 | D        | Reached skill level 7 in Polearms
   163 | D        | Reached skill level 8 in Polearms
   163 | D        | Reached XP level 4. HP: 7/35 MP: 4/4
   172 | D        | Reached skill level 9 in Polearms
   446 | D        | Found a roughly hewn altar of Beogh.
   446 | D        | Found a snail-covered altar of Cheibriados.
   446 | D        | Found a shadowy altar of Dithmenos.
   446 | D        | Found a white marble altar of Elyvilon.
   446 | D        | Found a blossoming altar of Fedhas.
   446 | D        | Found an opulent altar of Gozag.
   447 | D        | Found a hazy altar of Hepliaklqana.
   448 | D        | Found a viscous altar of Jiyva.
   449 | D        | Found an ancient bone altar of Kikubaaqudgha.
   450 | D        | Found a corrupted altar of Lugonu.
   451 | D        | Found a burning altar of Makhleb.
   452 | D        | Found a sparkling altar of Nemelex Xobeh.
   453 | D        | Found an iron altar of Okawaru.
   454 | D        | Found a stormy altar of Qazlal.
   455 | D        | Found a sacrificial altar of Ru.
   456 | D        | Found a deep blue altar of Sif Muna.
   457 | D        | Found a bloodstained altar of Trog.
   458 | D        | Found a hide-covered altar of Uskayaw.
   459 | D        | Found a radiant altar of Vehumet.
   460 | D        | Found a shimmering altar of Xom.
   461 | D        | Found a basalt altar of Yredelemnul.
   462 | D        | Found a glowing silver altar of Zin.
   463 | D        | Found a glowing golden altar of the Shining One.
   684 | D        | Noticed a hornet
   684 | D        | Noticed a black bear
   686 | D        | Reached **** piety under Trog
   686 | D        | Reached XP level 5. HP: 36/41 MP: 5/5
   689 | D        | Killed a black bear
   689 | D        | Reached skill level 11 in Polearms
   693 | D        | Killed a hornet
   693 | D        | Reached skill level 13 in Polearms
   693 | D        | Reached XP level 6. HP: 45/47 MP: 6/6
   698 | D        | Reached ***** piety under Trog
   791 | D        | Noticed a wraith
   791 | D        | Noticed an orc warrior
   795 | D        | Killed an orc warrior
   795 | D        | Gained mutation: You are partially covered in yellow scales. (AC +2) [demonic ancestry]
   795 | D        | Reached XP level 7. HP: 52/52 MP: 7/7
   800 | D        | Killed a wraith
   800 | D        | Reached skill level 14 in Polearms
   807 | D        | Received a gift from Trog
   942 | D        | Noticed a basilisk
   942 | D        | Noticed a hippogriff
   942 | D        | Noticed a hippogriff
   946 | D        | Killed a hippogriff
   946 | D        | Reached skill level 15 in Polearms
   946 | D        | Reached XP level 8. HP: 58/58 MP: 8/8
   948 | D        | Killed a hippogriff
   950 | D        | Received a gift from Trog
   950 | D        | Reached skill level 16 in Polearms
   975 | D        | Reached skill level 17 in Polearms
  1102 | D        | Noticed a spiny frog
  1102 | D        | Noticed a five-headed hydra
  1102 | D        | Noticed a spiny frog
  1106 | D        | Reached XP level 9. HP: 63/63 MP: 9/9
  1107 | D        | Noticed a black mamba
  1109 | D        | Killed a spiny frog
  1109 | D        | Reached ****** piety under Trog
  1116 | D        | Killed a ten-headed hydra
  1116 | D        | Received a gift from Trog
  1116 | D        | Reached skill level 18 in Polearms
  1117 | D        | Noticed a spiny frog
  1121 | D        | Killed a spiny frog
  1121 | D        | Reached skill level 19 in Polearms
  1127 | D        | Killed a black mamba
  1133 | D        | Killed a spiny frog
  1133 | D        | Gained mutation: You are mostly covered in sharp spines. [demonic ancestry]
  1133 | D        | Reached XP level 10. HP: 70/70 MP: 10/10
  1202 | D        | Noticed a spiny frog
  1205 | D        | Reached skill level 20 in Polearms
  1217 | D        | Received a gift from Trog
  1221 | D        | Killed a spiny frog
  1237 | D        | Got an ancient fustibalus {god gift}
  1238 | D        | Identified the +2 fustibalus "Mufiusex" {freeze, +Inv rF- Int+2} (Trog gifted it to you in the Dungeon)
  1484 | D        | Noticed Erolcha
  1489 | D        | Killed Erolcha
  1489 | D        | Reached skill level 21 in Polearms
  1603 | D        | Received a gift from Trog
  1618 | D        | Received a gift from Trog
  1627 | D        | Noticed an orc knight
  1637 | D        | Killed an orc knight
  1650 | D        | Got a scorched shortbow {god gift}
  1660 | D        | Identified the +8 shortbow of Certain Death {venom, rC++} (Trog gifted it to you in the Dungeon)
  1765 | D        | Noticed an orc knight
  1773 | D        | Noticed an orc knight
  1777 | D        | Noticed an orc knight
  1779 | D        | Killed an orc knight
  1779 | D        | Received a gift from Trog
  1786 | D        | Reached skill level 22 in Polearms
  1786 | D        | HP: 5/105 [orc warrior/trident (18)]
  1795 | D        | Mangled by an orc warrior

Skill      XL: |  1  2  3  4  5  6  7  8  9 10 |
---------------+-------------------------------+-----
Polearms       | 6 8 9 13 15 17 19 22 | 22.0
Fighting       | |  3.0
Armour         | |  1.7
Dodging        | |  1.7

Action                   |  1- 3 |  4- 6 |  7- 9 | 10-12 || total
-------------------------+-------+-------+-------+-------++-------
Melee: Spear             |    42 |     6 |       |       ||    48
       Headbutt          |     1 |     2 |     9 |     8 ||    20
       Halberd           |       |    16 |    39 |       ||    55
       Glaive            |       |       |    30 |    73 ||   103
Invok: Berserk           |     1 |     2 |     2 |     2 ||     7
       Trog's Hand       |     1 |       |       |     2 ||     3
  Use: Potion            |       |       |     2 |       ||     2
  Eat: Chunk             |       |     2 |     3 |     5 ||    10
       Bread ration      |       |       |     1 |       ||     1
Armor: Animal skin       |     3 |       |       |       ||     3
       Chain mail        |       |     7 |    30 |     9 ||    46
Dodge: Dodged            |    19 |     6 |    23 |    12 ||    60
